General information
- name: BNet
- type: Ladder team game (AT/RT)
- host: Battle.net
- saver: OrcishHoard
map: Mur'gulOasis
- players: 8
- length: 29:08
- speed: Fast
- version: 1.26 W3XP
- replay type: Public
» download(139 KB)
Players
team 1 (winner)
markvillemure (
blue | 44 APM | 718 actions | 16:12)
5 Archmage
3 Summon Water Elemental
2 Brilliance Aura
2 Blademaster
2 Mirror Image
» actions
| Assign group hotkey | 25 | |
| Basic commands | 4 | |
| Build / train | 74 | |
| Enter build submenu | 22 | |
| Enter hero's abilities submenu | 7 | |
| Remove unit from queue | 2 | |
| Right click | 188 | |
| Select / deselect | 169 | |
| Select group hotkey | 188 | |
| Use ability | 39 | |
718 total
» units
| Peasant | 12 | |
| Footman | 3 | |
| Rifleman | 9 | |
| Grunt | 3 | |
| Priest | 5 | |
| Mortar Team | 5 | |
| Peon | 5 | |
| Sorceress | 2 | |
| Tauren | 5 | |
49 total
» upgrades
| Gunpowder | 2 | |
| Armor | 3 | |
| Long Rifles | 1 | |
| Fragmentation Shards | 1 | |
| Lumber Harvesting | 1 | |
| Sorceress Training | 1 | |
| Priest Training | 1 | |
| Melee Weapons | 1 | |
11 total
» buildings
| Farm | 9 | |
| Altar of Kings | 1 | |
| Barracks | 1 | |
| Blacksmith | 1 | |
| Lumber Mill | 1 | |
| Keep | 1 | |
| Fortress | 1 | |
| Castle | 1 | |
| Workshop | 1 | |
| Arcane Sanctum | 1 | |
| Tauren Totem | 2 | |
| Orc Burrow | 4 | |
| Town Hall | 1 | |
25 total
» build order
00:52 Farm
01:12 Altar of Kings
01:26 Barracks
01:37 Farm
01:51 Blacksmith
02:04 Lumber Mill
02:19 Farm
02:58 Farm
03:45 Farm
04:52 Farm
05:32 Keep
07:13 Fortress
07:30 Farm
07:57 Castle
08:00 Workshop
08:04 Arcane Sanctum
08:14 Farm
09:47 Tauren Totem
10:18 Orc Burrow
11:19 Orc Burrow
11:33 Farm
11:45 Tauren Totem
13:15 Orc Burrow
13:17 Orc Burrow
16:02 Town Hall
» items
OrcishHoard (
green | 105 APM | 3074 actions | 29:08)
8 Blademaster
3 Wind Walk
3 Critical Strike
1 Bladestorm
1 Mirror Image
» actions
| Assign group hotkey | 96 | |
| Basic commands | 14 | |
| Build / train | 120 | |
| ESC pressed | 7 | |
| Enter build submenu | 31 | |
| Enter hero's abilities submenu | 8 | |
| Give item / drop item | 10 | |
| Right click | 1383 | |
| Select / deselect | 250 | |
| Select group hotkey | 901 | |
| Use ability | 254 | |
3074 total
» units
» upgrades
| Armor | 4 | |
| Berserker Strength | 1 | |
| Ranged Weapons | 3 | |
| Reinforced Defenses | 1 | |
| Envenomed Spears | 1 | |
| Pillage | 1 | |
| Spiked Barricades | 3 | |
| Melee Weapons | 3 | |
| Ensnare | 1 | |
| Liquid Fire | 1 | |
19 total
» buildings
| Altar of Storms | 3 | |
| Orc Burrow | 4 | |
| Barracks | 1 | |
| War Mill | 2 | |
| Voodoo Lounge | 2 | |
| Stronghold | 3 | |
| Watch Tower | 16 | |
| Fortress | 4 | |
| Beastiary | 4 | |
| Great Hall | 4 | |
43 total
» build order
00:09 Altar of Storms
00:10 Orc Burrow
00:13 Altar of Storms
00:30 Altar of Storms
01:34 Orc Burrow
02:04 Barracks
02:27 War Mill
02:52 Voodoo Lounge
04:19 Stronghold
04:19 Stronghold
04:32 Orc Burrow
05:58 Watch Tower
07:18 Fortress
07:18 Fortress
07:18 Fortress
07:44 Beastiary
07:47 Beastiary
09:39 Orc Burrow
12:13 Great Hall
12:15 Watch Tower
12:16 Watch Tower
13:33 Watch Tower
13:35 Watch Tower
13:36 Watch Tower
13:37 Watch Tower
13:39 Watch Tower
13:40 Watch Tower
13:41 Watch Tower
13:46 Voodoo Lounge
19:54 Great Hall
20:01 Watch Tower
20:02 Watch Tower
20:03 Watch Tower
20:05 Watch Tower
20:07 Watch Tower
20:07 Watch Tower
23:36 Beastiary
23:39 Beastiary
24:02 Great Hall
24:23 War Mill
24:26 Great Hall
» items
| Boots of Speed | 1 | |
| Healing Salve | 5 | |
| Lesser Clarity Potion | 6 | |
| Periapt of Vitality | 1 | |
| Staff of Teleportation | 1 | |
| Scroll of Healing | 1 | |
| Potion of Invisibility | 1 | |
| Potion of Healing | 1 | |
| Potion of Mana | 1 | |
| Scroll of Town Portal | 1 | |
| Orb of Lightning | 1 | |
20 total
wishiwasbetter (
orange | 50 APM | 1057 actions | 21:17)
4 Goblin Tinker
2 Pocket Factory
2 Engineering Upgrade
1 Blademaster
1 Wind Walk
3 Keeper of the Grove
2 Entangling Roots
1 Thorns Aura
» actions
| Assign group hotkey | 13 | |
| Build / train | 61 | |
| ESC pressed | 2 | |
| Enter build submenu | 16 | |
| Enter hero's abilities submenu | 8 | |
| Give item / drop item | 1 | |
| Remove unit from queue | 1 | |
| Right click | 575 | |
| Select / deselect | 159 | |
| Select group hotkey | 113 | |
| Use ability | 108 | |
1057 total
» units
| Wisp | 21 | |
| Archer | 6 | |
| Dryad | 3 | |
| Druid of the Claw | 2 | |
32 total
» upgrades
| Druid of the Claw Training | 2 | |
| Nature's Blessing | 1 | |
| Mark of the Claw | 1 | |
| Strength of the Wild | 1 | |
| Reinforced Hides | 1 | |
6 total
» buildings
| Ancient of War | 1 | |
| Moon Well | 5 | |
| Altar of Elders | 1 | |
| Ancient of Wonders | 1 | |
| Tree of Ages | 1 | |
| Hunter's Hall | 1 | |
| Watch Tower | 3 | |
| Ancient of Lore | 2 | |
| Ancient Protector | 5 | |
| Tree of Eternity | 1 | |
| Tree of Life | 2 | |
23 total
» build order
00:19 Ancient of War
00:24 Moon Well
01:02 Altar of Elders
01:39 Moon Well
02:08 Ancient of Wonders
03:04 Tree of Ages
03:35 Hunter's Hall
04:02 Moon Well
05:21 Moon Well
07:11 Moon Well
07:36 Watch Tower
07:37 Watch Tower
07:39 Watch Tower
08:07 Ancient of Lore
08:15 Ancient of Lore
08:53 Ancient Protector
08:54 Ancient Protector
08:56 Ancient Protector
08:57 Ancient Protector
09:00 Ancient Protector
10:07 Tree of Eternity
13:24 Tree of Life
18:24 Tree of Life
» items
| Circlet of Nobility | 2 | |
| Potion of Healing | 1 | |
| Scroll of Town Portal | 1 | |
| Boots of Speed | 1 | |
| Potion of Lesser Invulnerability | 1 | |
6 total
TimBluntington (
yellow | 28 APM | 182 actions | 06:30)
1 Blademaster
1 Critical Strike
» actions
| Assign group hotkey | 5 | |
| Basic commands | 3 | |
| Build / train | 13 | |
| Enter build submenu | 8 | |
| Enter hero's abilities submenu | 1 | |
| Right click | 63 | |
| Select / deselect | 58 | |
| Select group hotkey | 23 | |
| Use ability | 8 | |
182 total
» units
» upgrades
» buildings
| Altar of Storms | 1 | |
| Barracks | 1 | |
| Orc Burrow | 3 | |
| War Mill | 1 | |
| Voodoo Lounge | 1 | |
| Watch Tower | 1 | |
| Stronghold | 1 | |
9 total
» build order
00:14 Altar of Storms
00:18 Barracks
00:34 Orc Burrow
01:21 War Mill
02:08 Orc Burrow
03:04 Voodoo Lounge
04:02 Watch Tower
04:37 Stronghold
05:08 Orc Burrow
team 2 (loser)
LordVoldemort (
teal | 37 APM | 1077 actions | 29:03)
10 Blademaster
3 Wind Walk
3 Critical Strike
1 Bladestorm
3 Mirror Image
» actions
| Assign group hotkey | 45 | |
| Basic commands | 116 | |
| Build / train | 70 | |
| Enter build submenu | 32 | |
| Enter hero's abilities submenu | 10 | |
| Give item / drop item | 6 | |
| Remove unit from queue | 1 | |
| Right click | 367 | |
| Select / deselect | 246 | |
| Select group hotkey | 115 | |
| Use ability | 69 | |
1077 total
» units
» upgrades
| Ranged Weapons | 3 | |
| Armor | 3 | |
| Envenomed Spears | 1 | |
| Reinforced Defenses | 1 | |
8 total
» buildings
| Orc Burrow | 5 | |
| Altar of Storms | 1 | |
| Barracks | 1 | |
| Voodoo Lounge | 3 | |
| Stronghold | 1 | |
| War Mill | 1 | |
| Beastiary | 2 | |
| Fortress | 1 | |
| Great Hall | 2 | |
| Watch Tower | 17 | |
34 total
» build order
00:13 Orc Burrow
00:52 Altar of Storms
00:55 Barracks
01:07 Orc Burrow
02:04 Voodoo Lounge
02:57 Stronghold
03:46 War Mill
04:16 Orc Burrow
05:21 Beastiary
05:22 Beastiary
07:56 Orc Burrow
09:01 Fortress
09:43 Orc Burrow
11:06 Great Hall
11:14 Watch Tower
11:14 Watch Tower
11:15 Watch Tower
11:15 Watch Tower
11:23 Voodoo Lounge
11:59 Watch Tower
12:06 Watch Tower
12:08 Watch Tower
12:10 Watch Tower
13:18 Watch Tower
16:19 Great Hall
17:03 Watch Tower
17:03 Watch Tower
17:03 Watch Tower
17:04 Watch Tower
17:17 Watch Tower
17:19 Watch Tower
17:22 Watch Tower
17:25 Watch Tower
20:17 Voodoo Lounge
» items
| Healing Salve | 5 | |
| Scroll of Town Portal | 2 | |
| Periapt of Vitality | 2 | |
| Potion of Lesser Invulnerability | 1 | |
| Boots of Speed | 1 | |
11 total

»
jacob_4-ur-love (
purple | 51 APM | 1497 actions | 29:06)
3 Paladin
2 Holy Light
1 Divine Shield
» actions
| Assign group hotkey | 24 | |
| Basic commands | 110 | |
| Build / train | 66 | |
| Enter build submenu | 16 | |
| Enter hero's abilities submenu | 3 | |
| Right click | 618 | |
| Select / deselect | 206 | |
| Select group hotkey | 371 | |
| Use ability | 83 | |
1497 total
» units
| Peasant | 14 | |
| Sorceress | 3 | |
| Mortar Team | 8 | |
| Flying Machine | 3 | |
28 total
» upgrades
| Masonry | 3 | |
| Lumber Harvesting | 1 | |
| Gunpowder | 3 | |
| Sorceress Training | 2 | |
| Flare | 1 | |
| Fragmentation Shards | 1 | |
| Priest Training | 1 | |
| Barrage | 1 | |
| Flak Cannons | 1 | |
| Flying Machine Bombs | 1 | |
15 total
» buildings
| Altar of Kings | 1 | |
| Farm | 8 | |
| Lumber Mill | 1 | |
| Scout Tower | 8 | |
| Arcane Tower | 1 | |
| Guard Tower | 4 | |
| Keep | 1 | |
| Blacksmith | 1 | |
| Castle | 1 | |
| Arcane Sanctum | 1 | |
| Workshop | 2 | |
| Arcane Vault | 1 | |
| Fortress | 1 | |
31 total
» build order
00:08 Altar of Kings
00:21 Farm
00:38 Lumber Mill
01:07 Farm
01:18 Scout Tower
01:39 Scout Tower
01:48 Arcane Tower
02:08 Guard Tower
02:08 Guard Tower
02:14 Scout Tower
02:18 Scout Tower
03:01 Guard Tower
03:45 Keep
03:48 Scout Tower
03:48 Scout Tower
03:48 Scout Tower
03:49 Scout Tower
04:30 Guard Tower
05:15 Blacksmith
05:21 Farm
05:21 Farm
05:21 Farm
05:22 Farm
05:22 Farm
07:08 Castle
07:43 Arcane Sanctum
07:50 Workshop
08:14 Workshop
09:34 Farm
11:19 Arcane Vault
13:19 Fortress
» items
| Staff of Teleportation | 1 | |
| Boots of Speed | 1 | |
| Scroll of Town Portal | 5 | |
| Potion of Lesser Invulnerability | 1 | |
| Healing Salve | 1 | |
| Scroll of Speed | 1 | |
10 total

»
rawPOWER (
pink | 27 APM | 777 actions | 28:55)
3 Dreadlord
1 Vampiric Aura
2 Sleep
2 Tauren Chieftain
1 Endurance Aura
1 Shockwave
» actions
| Basic commands | 3 | |
| Build / train | 90 | |
| Enter build submenu | 30 | |
| Enter hero's abilities submenu | 5 | |
| Remove unit from queue | 23 | |
| Right click | 274 | |
| Select / deselect | 295 | |
| Use ability | 57 | |
777 total
» units
| Acolyte | 7 | |
| Peon | 8 | |
| Ghoul | 13 | |
| Grunt | 14 | |
| Gargoyle | 4 | |
| Troll Batrider | 7 | |
53 total
» upgrades
| Creature Attack | 1 | |
| Berserker Strength | 1 | |
| Melee Weapons | 1 | |
| Armor | 1 | |
| Liquid Fire | 0 | |
4 total
» buildings
| Ziggurat | 12 | |
| Altar of Darkness | 1 | |
| Crypt | 3 | |
| Altar of Storms | 1 | |
| Barracks | 1 | |
| Orc Burrow | 4 | |
| Halls of the Dead | 1 | |
| Stronghold | 1 | |
| War Mill | 1 | |
| Graveyard | 1 | |
| Watch Tower | 2 | |
| Voodoo Lounge | 1 | |
| Nerubian Tower | 1 | |
| Spirit Tower | 2 | |
| Fortress | 1 | |
| Beastiary | 1 | |
34 total
» build order
00:30 Ziggurat
00:39 Altar of Darkness
01:02 Crypt
01:13 Altar of Storms
01:15 Barracks
01:20 Orc Burrow
01:25 Orc Burrow
02:03 Ziggurat
03:01 Crypt
03:47 Orc Burrow
04:40 Ziggurat
04:41 Ziggurat
04:53 Orc Burrow
06:21 Halls of the Dead
07:04 Stronghold
07:08 War Mill
07:52 Graveyard
08:26 Watch Tower
08:30 Voodoo Lounge
10:11 Nerubian Tower
11:05 Spirit Tower
11:07 Spirit Tower
12:06 Ziggurat
12:11 Ziggurat
12:16 Ziggurat
12:23 Ziggurat
13:18 Fortress
13:25 Beastiary
14:33 Watch Tower
18:34 Crypt
18:39 Ziggurat
18:42 Ziggurat
18:44 Ziggurat
18:47 Ziggurat
Chat log
(00:23 / All) rawPOWER: fuck i fucking hate that shit. its bullshit
(00:40 / All) TimBluntington: yea every fucking game
(00:52 / All) rawPOWER: like damn dont play 4s
(01:27 / All) jacob_4-ur-love: im heals
(01:38 / All) OrcishHoard: FUCK
(01:42 / All) LordVoldemort: I'm the comedic relief
(01:43 / All) OrcishHoard: I made 2 altars instead of an altar and barracks
(01:45 / All) OrcishHoard: lmao
(01:52 / All) OrcishHoard: This is how you can tell I don't play orc
(01:53 / All) TimBluntington: i h8 that
(01:59 / All) OrcishHoard: I've never done that before
(02:16 / All) OrcishHoard: now I can get 2 heroes at tier 3????? not sure if I can do shit with this
(02:47 / All) jacob_4-ur-love: im on a critter killing spree
(02:51 / All) jacob_4-ur-love: lets see how many i can kill
(03:21 / All) LordVoldemort: >rawpower
(03:26 / All) jacob_4-ur-love: 5 so far
(03:28 / All) LordVoldemort: >in charge of handling two bases
(03:28 / All) TimBluntington: my crab!
(03:37 / All) jacob_4-ur-love: truce yelllow
(03:41 / All) jacob_4-ur-love: we mus tpurge the map of critters
(03:47 / All) TimBluntington: 2
(03:59 / All) jacob_4-ur-love: 7
(04:08 / All) TimBluntington: 8
(04:16 / All) jacob_4-ur-love: lieing
(04:17 / All) jacob_4-ur-love: heretic
(04:21 / All) TimBluntington: nice
(04:25 / All) jacob_4-ur-love: 9
(05:40 / Allies) TimBluntington: green tp
(05:43 / All) jacob_4-ur-love: who is wishi wash
(05:54 / Allies) TimBluntington: tp to him
(07:55 / All) jacob_4-ur-love: 2*
(10:24 / All) OrcishHoard: rawpower sure is powerless
(10:30 / All) OrcishHoard: to 1 bm
(10:49 / All) jacob_4-ur-love: i called him a retard cuz he didnt know wut workshops were
(12:52 / All) LordVoldemort: lawl orange is so stupid
(12:59 / All) LordVoldemort: >orange
(13:01 / All) jacob_4-ur-love: he gone and goof'd
(13:05 / All) LordVoldemort: >in charge of repairing bases
(13:22 / All) OrcishHoard: 2 crystal balls, terrible luck
(13:25 / All) OrcishHoard: and a khadar's pipe
(15:00 / All) OrcishHoard: RAWPOWER
(15:02 / All) OrcishHoard: YOU HAVE SUCH POWER
(15:04 / All) OrcishHoard: POWER
(15:06 / All) OrcishHoard: RAWPOWER
(16:04 / All) jacob_4-ur-love: rofl
(18:42 / All) jacob_4-ur-love: I FEEl very safe with raw power on our team
(18:59 / All) OrcishHoard: He is very POWERFUL
(19:01 / All) LordVoldemort: >jake
(19:04 / All) OrcishHoard: Aren't you BUDDY?
(19:07 / All) LordVoldemort: >in charge of not sounding homo
(19:09 / All) OrcishHoard: Aren't you POWERFUL"????????
(19:11 / All) OrcishHoard: RAWPOWER!
(19:13 / All) OrcishHoard: SUCH POWER!
(19:22 / All) OrcishHoard: CANCEL
(19:23 / All) OrcishHoard: CANCEL
(19:24 / All) OrcishHoard: CANCEL
(19:26 / All) OrcishHoard: CANCEL IT ALL
(19:27 / All) OrcishHoard: CANCEL
(19:29 / All) OrcishHoard: CANCEL BUDY!
(19:30 / All) OrcishHoard: CANCEL!
(19:31 / All) OrcishHoard: CANCEL BUDDY!
(19:33 / All) OrcishHoard: CANCEL IT!
(19:34 / All) OrcishHoard: CANCEL!
(19:35 / All) OrcishHoard: CANCEL IT!
(19:39 / All) OrcishHoard: YOU HAVE THE RAWPOWER!
(20:00 / All) LordVoldemort: where the fuck my peons
(21:10 / All) wishiwasbetter: ggm level 10 BM god 8-)
(21:33 / All) jacob_4-ur-love: wut he say
(21:41 / All) OrcishHoard: My team was untalkative
(21:47 / All) LordVoldemort: what does ggm stand for
(21:48 / All) jacob_4-ur-love: my pally wasnt moving
(21:55 / All) LordVoldemort: good game mate?
(23:14 / All) OrcishHoard: You canceled those grunts????? WOW, SO POWERFUL RAWPOWER
(23:16 / All) jacob_4-ur-love: raw power, y arent u commending me on my invis mortar harassing
(23:25 / All) OrcishHoard: Because he has no POWER to
(23:27 / All) OrcishHoard: No RAWPOWER
(24:37 / All) LordVoldemort: All of rawpowers memories will be lost to time
(24:41 / All) LordVoldemort: like tears in rain
(24:43 / All) LordVoldemort: time to die
(26:30 / All) OrcishHoard: nice tp on your gargs
(26:35 / All) LordVoldemort: lol
(26:40 / All) jacob_4-ur-love: algammon has fallen
(27:49 / All) jacob_4-ur-love: 1600 hp bm!
(27:51 / All) OrcishHoard: I'm lagging
(27:53 / All) OrcishHoard: finish it fast
(27:55 / All) jacob_4-ur-love: lol
(28:26 / All) jacob_4-ur-love: turncoat is my lord and savior
(28:58 / All) LordVoldemort: lawl
(29:02 / All) OrcishHoard: Which team gets the loss? I say yours
(29:05 / All) jacob_4-ur-love: new acct?